 Dungeon Crawl Stone Soup version 0.21-a0-538-gd16b88a (webtiles) character file.

115 AverageBear the Cutter (level 4, -4/27 HPs)
             Began as a Deep Elf Fighter on Dec 16, 2017.
             Killed by nerve-wracking pain
             ... invoked by an orc priest
              (14 damage)
             ... on level 3 of the Dungeon.
             The game lasted 00:05:48 (1835 turns).

AverageBear the Cutter (Deep Elf Fighter)           Turns: 1835, Time: 00:05:48

Health: -4/27      AC: 15    Str: 19    XL:     4   Next: 68%
Magic:  6/6        EV:  4    Int: 13    God:
Gold:   147        SH:  9    Dex: 14    Spells: 3/3 levels left

rFire    . . .     SeeInvis .   a - +0 rapier
rCold    . . .     Gourm    .   c - +0 shield
rNeg     . . .     Faith    .   n - +0 storm dragon scales
rPois    .         Spirit   .   (no helmet)
rElec    +         Reflect  .   j - +0 cloak
rCorr    .         Harm     .   (no gloves)
MR       .....                  l - +2 pair of boots
Stlth    ..........             (no amulet)
HPRegen  0.09/turn              (no ring)
MPRegen  0.10/turn              (no ring)

@: mighty
A: no striking features
a: no special abilities


You were on level 3 of the Dungeon.
You were not hungry.

You visited 1 branch of the dungeon, and saw 3 of its levels.

You collected 147 gold pieces.

Inventory:

Hand Weapons
 a - a +0 rapier (weapon)
Armour
 b - a +0 scale mail
 c - a +0 shield (worn)
 j - a +0 cloak (worn)
 l - a +2 pair of boots (worn)
 n - +0 storm dragon scales (worn)
Wands
 p - a wand of iceblast (14)
Scrolls
 i - a scroll of teleportation
Potions
 g - a potion of degeneration {unknown}
 k - 2 potions of flight
Comestibles
 f - 2 bread rations


   Skills:
 - Level 2.4 Fighting
 + Level 5.0 Short Blades
 - Level 2.4 Armour
 - Level 2.4 Shields


You had 3 spell levels left.
You didn't know any spells.

Dungeon Overview and Level Annotations

Branches:
Dungeon (3/15)

Altars:
Hepliaklqana

Annotations:
D:3 lunkers's ghost, novice BaAE


Message History

Your shield and storm dragon scales prevent you from hitting the orc priest.
The orc priest hits you but does no damage.
An orc priest comes into view. It is wielding a trident.
You hit the orc priest but do no damage.
The orc priest moves out of view.
You block the orc priest's attack. You block the goblin's attack.
Items here: %% ) รท a whip; a chunk of flesh; an orc skeleton; a chunk of flesh You feel very mighty all of a sudden.
The orc priest mumbles some strange prayers to Beogh against you.
Pain shoots through your body!
You hit the orc priest.
The orc priest is lightly wounded.
The orc priest barely misses you.
You puncture the orc priest!
The orc priest is almost dead.
The orc priest calls down the wrath of Beogh upon you.
Pain shoots through your body!
Ouch! That really hurt!
You die...

#.# #.#
#.# #.#
#.# .
#.# o.
#.# ...
#.# ....
#@#
.....
#o#....#
#gK..#
#ro#.#
#.%# #
#...
..##.
... .#
..# #


You could see 2 orc priests, a river rat, a goblin and a kobold.

Vanquished Creatures
  4 adders
  A worm (D:1)
  2 dart slugs
  4 leopard geckos
  2 orcs (D:3)
  A ball python (D:2)
  7 bats
  5 goblins
  12 hobgoblins
  4 jackals
  6 kobolds
  4 quokkas
  3 frilled lizards
  6 rats
61 creatures vanquished.

Vanquished Creatures (others)
  A giant cockroach (D:3)
  A ball python (D:3)
2 creatures vanquished.

Grand Total: 63 creatures vanquished

Notes
Turn   | Place    | Note
-------+----------+-------------------------------------------
     0 | D:1      | AverageBear the Deep Elf Fighter began the quest for the Orb.
     0 | D:1      | Reached XP level 1. HP: 13/13 MP: 3/3
   200 | D:1      | Reached XP level 2. HP: 18/18 MP: 4/4
   316 | D:1      | Reached skill level 3 in Short Blades
   863 | D:1      | Reached XP level 3. HP: 5/22 MP: 5/5
   893 | D:1      | HP: 1/22 [kobold/dagger (2)]
   901 | D:1      | HP: 1/22 [bat (1)]
   910 | D:1      | HP: 1/22 [bat (1)]
  1218 | D:1      | Reached skill level 4 in Short Blades
  1401 | D:2      | Reached XP level 4. HP: 27/27 MP: 6/6
  1503 | D:2      | Found a hazy altar of Hepliaklqana.
  1711 | D:3      | Noticed lunkers's ghost (novice BaAE)
  1817 | D:3      | Reached skill level 5 in Short Blades
  1835 | D:3      | Killed from afar by an orc priest

Vault maps used:
D:1:      ncdulo_watergridlock, minmay_misc_feat_alley
D:2:      nicolae_overflow_hidden_temple, st_stairs_14
D:3:      ashenzari_altar_1, portal_sewer_entry_a, first_bread

Skill      XL: |  1  2  3  4 |
---------------+-------------+-----
Short Blades   | 3 4 5 |  5.0
Fighting       | |  2.4
Armour         | |  2.4
Shields        | |  2.4

Action                   |  1- 3 |  4- 6 || total
-------------------------+-------+-------++-------
Melee: Rapier            |   148 |    88 ||   236
  Use: Scroll            |     4 |     4 ||     8
       Potion            |     2 |     3 ||     5
  Eat: Chunk             |     2 |     1 ||     3
Armor: Scale mail        |   110 |    13 ||   123
       Storm dragon scal |       |    45 ||    45
Dodge: Dodged            |    56 |     8 ||    64
Block: Shield            |    86 |    26 ||   112

Table legend:
 A = Spawn XP
 B = Non-spawn XP
 C = Spawn XP percentage of total XP
 D = Spawn monster count
 E = Non-spawn monster count
 F = Spawn count percentage of total count
 G = Total turns spent on level
                    A         B        C        D         E        F      G
               +---------+---------+-------+---------+---------+-------+---------
         Total |       0 |     165 |   0.0 |       0 |      61 |   0.0 |  1835
               +---------+---------+-------+---------+---------+-------+---------
           D:1 |       0 |      69 |   0.0 |       0 |      30 |   0.0 |  1285
           D:2 |       0 |      81 |   0.0 |       0 |      25 |   0.0 |   455
           D:3 |       0 |      15 |   0.0 |       0 |       6 |   0.0 |    95
               +---------+---------+-------+---------+---------+-------+---------
